 Dungeon Crawl Stone Soup version 0.29-a0-352-g0917bc69df (webtiles) character file.

Game seed: 7845136780878250654

152 Colgate the Cutter (level 5, -1/32 HPs)
             Began as a Kobold Brigand on Apr 24, 2022.
             Was a Follower of Ashenzari.
             Slain by a hound (3 damage)
             ... on level 4 of the Dungeon.
             The game lasted 00:08:04 (3072 turns).

Colgate the Cutter (Kobold Brigand)                 Turns: 3072, Time: 00:08:04

Health: -1/32      AC:  4    Str: 18    XL:     5   Next: 60%
Magic:  5/5        EV: 14    Int: 12    God:    Ashenzari [*.....]
Gold:   228        SH:  0    Dex: 18    Spells: 4/4 levels left

rFire   . . .      SeeInvis .   b - +9 quarterstaff of Soimmym {vorpal, rElec Will- rCorr Str+9}
rCold   . . .      Faith    .   (shield currently unavailable)
rNeg    . . .      Spirit   .   l - +0 robe "Jealousy of Ashenzari" {Melee, Evo} (curse)
rPois   .          Reflect  .   (no helmet)
rElec   +          Harm     .   c - +1 cloak of Ashenzari's Moon {Fort, Self} (curse)
rCorr   +          Rampage  .   (no gloves)
Will    .....                   (no boots)
Stlth   ++++......              (no amulet)
HPRegen 0.10/turn               (no ring)
MPRegen 0.09/turn               (no ring)

@: studying Earth Magic
A: small, no large weapons, nightstalker 3
a: Renounce Religion, Shatter the Chains


You were on level 4 of the Dungeon.
You worshipped Ashenzari.
Ashenzari was aware of your devotion.
You visited 1 branch of the dungeon, and saw 4 of its levels.

You collected 228 gold pieces.

Inventory:

Hand Weapons
 a - a +2 dagger
 b - the +9 quarterstaff of Soimmym (weapon) {vorpal, rElec Will- rCorr Str+9}
   (You found it on level 3 of the Dungeon)

   It inflicts extra damage upon your enemies.
   Str:       It affects your strength (+9).
   rElec:     It insulates you from electricity.
   rCorr:     It protects you from acid and corrosion.
   Will:      It decreases your willpower.
 m - a +0 rapier
 o - a +1 dagger of speed
Missiles
 d - 9 poisoned darts (quivered)
 e - 3 curare-tipped darts
 s - 6 datura-tipped darts
Armour
 c - the cursed +1 cloak of Ashenzari's Moon (worn) {Fort, Self}

   It has a curse which improves the following skills: Fortitude: Armour and
   Shields.
   Introspection: Fighting and Spellcasting.
 l - the cursed +0 robe "Jealousy of Ashenzari" (worn) {Melee, Evo}

   It has a curse which improves the following skills: Melee Combat: Short
   Blades, Long Blades, Axes, Maces & Flails, Polearms, Staves and Unarmed
   Combat.
   Evocations: Evocations.
Magical Staves
 q - a staff of poison
Jewellery
 p - a ring of fire
Scrolls
 g - a scroll of immolation
 h - a scroll of fear
 k - a scroll of blinking {@r4}
 n - a scroll of torment
Potions
 f - 5 potions of curing {@q1}
 i - 3 potions of cancellation
 j - a potion of brilliance
 r - a potion of ambrosia


   Skills:
 - Level 2.1(2.8) Fighting
 + Level 7.1(8.0) Short Blades
 - Level 2.1 Throwing
 - Level 1.2 Dodging
 - Level 5.3 Stealth


You had 4 spell levels left.
You didn't know any spells.
Your spell library contained the following spells:

 Spells                   Type           Power      Damage    Failure   Level
 Apportation              Tloc           0%         N/A       32%         1
 Sublimation of Blood     Necr           0%         N/A       45%         2
 Wereblood                Tmut           0%         N/A       45%         2
 Alistair's Intoxication  Tmut/Pois      0%         N/A       100%        5
 Summon Hydra             Summ           0%         N/A       100%        7


Dungeon Overview and Level Annotations

Branches:
Dungeon (4/15)
 Temple: D:4-7

Altars:
Ashenzari
Xom


Innate Abilities, Weirdness & Mutations

You are small and have problems with some larger weapons.
You are completely attuned to the shadows.


Message History

You hit the gnoll. You hit the gnoll but do no damage.
The gnoll barely misses you. The gnoll hits you with a +0 whip.
You hit the gnoll.
You kill the gnoll!
Your Short Blades skill increases to level 7!
The gnoll closely misses you.
Things that are here:
a +0 whip; a gnoll corpse The gnoll hits you with a +0 halberd!
* * * LOW HITPOINT WARNING * * *
The gnoll completely misses you. The gnoll closely misses you.
You closely miss the gnoll. The gnoll completely misses you.
You hit the gnoll but do no damage. You barely miss the gnoll.
You hit the gnoll. The gnoll closely misses you.
You hit the gnoll. You hit the gnoll. The gnoll misses you.
You hit the gnoll. You hit the gnoll.
You kill the gnoll!
Things that are here:
a +0 halberd; a gnoll corpse A hound comes into view.
Found a scroll of identify.
You hit the hound. You hit the hound. The hound bites you but does no damage.
You hit the hound. The hound bites you.
* * * LOW HITPOINT WARNING * * *
You closely miss the hound. You closely miss the hound.
The hound barely misses you.
You barely miss the hound. You hit the hound but do no damage.
The hound misses you.
You feel stronger.
b - the +9 quarterstaff of Soimmym (weapon)
{vorpal, rElec Will- rCorr Str+9} The quokka bites you.
* * * LOW HITPOINT WARNING * * *
The hound bites you.
You die...

.# ..
........#####... ....
.....................
...............#.....
...rh.....)....#.....
....@................
.?.............#.###.
.##.#..........#.###.
#..#..)........))...
..#########.###.###.
...###.##..
######.....# ##>.####
##...#


You could see a hound and a quokka.

Vanquished Creatures
  Terence (D:3)
  4 gnolls (D:4)
  3 adders
  A worm (D:3)
  3 dart slugs
  2 orcs
  5 bats
  5 endoplasms
  A giant cockroach (D:1)
  5 goblins
  4 hobgoblins
  3 kobolds (D:2)
  3 quokkas
  4 ball pythons
  4 frilled lizards
  4 rats
52 creatures vanquished.

Notes
Turn   | Place    | Note
-------+----------+-------------------------------------------
     0 | D:1      | Colgate the Kobold Brigand began the quest for the Orb.
     0 | D:1      | Reached XP level 1. HP: 12/12 MP: 1/1
    64 | D:1      | Reached skill level 3 in Short Blades
   268 | D:1      | Reached XP level 2. HP: 6/17 MP: 2/2
   642 | D:1      | Reached skill level 4 in Short Blades
  1167 | D:2      | Reached XP level 3. HP: 21/21 MP: 3/3
  1362 | D:2      | Found a faded altar of an unknown god.
  1366 | D:2      | Prayed at the altar of an unknown god.
  1366 | D:2      | Became a worshipper of Ashenzari the Shackled
  1513 | D:2      | Reached skill level 5 in Short Blades
  1573 | D:2      | Reached XP level 4. HP: 26/26 MP: 4/4
  2050 | D:3      | Identified the +9 quarterstaff of Soimmym {vorpal, rElec
                  | Will- rCorr Str+9}
  2417 | D:3      | Reached * piety under Ashenzari
  2460 | D:3      | Reached skill level 6 in Short Blades
  2673 | D:3      | Noticed Terence
  2677 | D:3      | Killed Terence
  2678 | D:3      | Reached XP level 5. HP: 32/32 MP: 5/5
  2959 | D:4      | Found a shimmering altar of Xom.
  3035 | D:4      | Reached skill level 7 in Short Blades
  3072 | D:4      | Slain by a hound

Illustrated notes

Levels and vault maps discovered:
D:1:      dpeg_arrival_houses_and_road, layout_loops_ring
D:2:      layout_loops_cross, basic_ecumenical_altar
D:3:      layout_loops_cross, uniq_terence
D:4:      layout_rooms, nicolae_overflow_hidden_temple, uniq_ijyb

Skill      XL: |  1  2  3  4  5 |
---------------+----------------+-----
Short Blades   | 3 4 5 6 7 |  7.1
Fighting       | |  2.1
Throwing       | |  2.1
Dodging        | |  1.2
Stealth        | |  5.3

Action                   |  1- 3 |  4- 6 || total
-------------------------+-------+-------++-------
Melee: Dagger            |    58 |    94 ||   152
       Punch             |       |     1 ||     1
Invok: Curse Item        |     1 |     1 ||     2
  Use: Scroll            |     4 |     2 ||     6
 Stab: Sleeping          |    19 |     8 ||    27
Armor: Robe              |     4 |    10 ||    14
Dodge: Dodged            |    26 |    56 ||    82

Table legend: (Time is in decaauts)
 A = Elapsed time spent in this place.
 B = Non-inter-level travel time spent in this place.
 C = Inter-level travel time spent in this place.
 D = Time resting spent in this place.
 E = Time spent auto-exploring this place.
 F = Levels seen in this place.
 G = Mean time per level.
                   A        B        C        D        E       F      G
               +--------+--------+--------+--------+--------+-----+--------+
         Total |   3019 |   2899 |    120 |      0 |   2507 |   4 |  754.8 |
       Dungeon |   3019 |   2899 |    120 |      0 |   2507 |   4 |  754.8 |
               +--------+--------+--------+--------+--------+-----+--------+

Top non-repeatable levels by time:
     D:1: 1120 daAuts
     D:3: 889 daAuts
     D:2: 881 daAuts
     D:4: 128 daAuts
